 Dungeon Crawl Stone Soup version 0.31-a0-188-g5e087ee2ca (webtiles) character file.

Game seed: 3144550682292677869

115 qw the Skirmisher (level 4, -3/25 HPs)
             Began as a Deep Elf Hunter on June 23, 2023.
             Slain by Sigmund
             ... wielding a +0 scythe
              (8 damage)
             ... on level 3 of the Dungeon.
             The game lasted 00:00:32 (1561 turns).

qw the Skirmisher (Deep Elf Hunter)                 Turns: 1561, Time: 00:00:33

Health: -3/25      AC:  9    Str: 10    XL:     4   Next: 68%
Magic:  6/6        EV: 11    Int: 14    God:
Gold:   36         SH:  0    Dex: 18    Spells: 3/3 levels left

rFire   . . .        Y - +0 shortbow
rCold   . . .        (shield currently unavailable)
rNeg    . . .        g - +0 ring mail
rPois   .            (no helmet)
rElec   .            (no cloak)
rCorr   +            (no gloves)
SInv    .            (no boots)
Will    .....        (no amulet)
Stlth   +            d - +4 ring of protection
HPRegen 0.24/turn    f - ring of resist corrosion
MPRegen 0.10/turn

%: no passive effects
@: no status effects
A: no striking features
a: no special abilities


You were on level 3 of the Dungeon.
You visited 1 branch of the dungeon, and saw 3 of its levels.

You collected 119 gold pieces.
You spent 83 gold pieces at shops.


   Skills:
 - Level 1.5 Fighting
 + Level 8.1 Ranged Weapons
 - Level 2.4 Dodging
 - Level 1.2 Stealth


You had 3 spell levels left.
You didn't know any spells.
Your spell library was empty.

Inventory:

Hand Weapons
 Y - a +0 shortbow (weapon)
Armour
 g - a +0 ring mail (worn)
Jewellery
 c - a ring of willpower
 d - a +4 ring of protection (left hand)
 f - a ring of resist corrosion (right hand)
 h - a ring of fire
Scrolls
 b - a scroll of vulnerability {unknown}
 i - a scroll of identify
Potions
 a - 2 potions of curing

Dungeon Overview and Level Annotations

Branches:
Dungeon (3/15)

Altars:

Shops:
D:1 ?[   D:2 (::?*

Annotations:
D:3 Sigmund


Message History

An orc comes into view. It is wielding a +0 flail.
Enter note:
Enter note: You shoot an arrow.
The arrow hits the orc.
The orc is almost dead.
You shoot an arrow. The arrow closely misses the orc.
Sigmund the Dreaded comes into view.
He is wielding a +0 scythe.
You shoot an arrow. The arrow barely misses the orc.
Sigmund shouts!
You shoot an arrow. The arrow closely misses the orc.
You shoot an arrow. The arrow barely misses the orc.
Sigmund casts a spell.
Sigmund flickers and vanishes!
Deactivating autopickup; reactivate with Ctrl-A.
The orc completely misses you.
You shoot an arrow. The arrow completely misses the orc.
The orc hits you but does no damage. x2
You shoot an arrow. The arrow closely misses the orc.
The orc hits you but does no damage. The orc misses you.
You shoot an arrow. The arrow barely misses the orc.
The orc hits you but does no damage. The orc misses you.
You shoot an arrow. The arrow hits the orc.
You kill the orc!
The orc hits you with a +0 dagger.
You shoot an arrow. The arrow closely misses the orc.
Something hits you. The orc hits you with a +0 flail.
The orc hits you but does no damage. The orc hits you with a +0 flail.
The orc misses you.
You shoot an arrow. The arrow hits the orc.
The orc is lightly wounded.
Something hits you. The orc completely misses you. The orc barely misses you.
You shoot an arrow. The arrow closely misses the orc.
The orc barely misses you. The orc closely misses you. Something hits you.
You shoot an arrow. The arrow hits the orc.
The orc is almost dead.
The orc closely misses you. The orc hits you with a +0 dagger.
You shoot an arrow. The arrow hits the orc!
You kill the orc!
Something hits you!
You die...

#########
########.......#
#........#####.#
#.######## #@#
###.# #o){.....
....# #########
.#### ....######
.........## ####
#......#..##>....
.......##...)#
#......#..####


You could see an orc.

Vanquished Creatures
  A scorpion (D:3)
  2 adders (D:2)
  A worm (D:3)
  2 dart slugs
  2 orcs (D:3)
  3 bats (D:2)
  2 endoplasms (D:2)
  A giant cockroach (D:1)
  5 hobgoblins
  3 ball pythons (D:2)
  4 goblins
  5 kobolds (D:1)
  3 rats
34 creatures vanquished.

Notes
Turn   | Place    | Note
-------+----------+-------------------------------------------
     0 | D:1      | qw the Deep Elf Hunter began the quest for the Orb.
     0 | D:1      | Reached XP level 1. HP: 12/12 MP: 3/3
     0 | D:1      | 0 ||| qw: Version: 0.3-a-9-g12657ce
     0 | D:1      | 0 ||| qw: Game counter: 3631
     0 | D:1      | 0 ||| qw: Always use a shield: true
     0 | D:1      | 0 ||| qw: God list: Okawaru
     0 | D:1      | 0 ||| qw: Allow faded altars: false
     0 | D:1      | 0 ||| qw: Do Orc after D:15 true
     0 | D:1      | 0 ||| qw: Do second Lair branch before Depths: true
     0 | D:1      | 0 ||| qw: Lair rune preference: random
     0 | D:1      | 0 ||| qw: Plans: Normal
     0 | D:1      | 0 ||| PLANNING D:1-11
   128 | D:1      | Found Koikid's Antique Armour Shoppe.
   139 | D:1      | 139 ||| SHOPLISTING ring mail (80 gold, have 2).
   139 | D:1      | 139 ||| SHOPLISTING runed helmet (150 gold, have 2).
   139 | D:1      | 139 ||| SHOPLISTING scale mail (80 gold, have 2).
   183 | D:1      | Reached skill level 6 in Ranged Weapons
   183 | D:1      | Reached XP level 2. HP: 16/16 MP: 4/4
   314 | D:1      | Found Ovyifeyt's Magic Scroll Shop.
   322 | D:1      | 322 ||| SHOPLISTING scroll of enchant armour (82 gold, have
                  | 18).
   322 | D:1      | 322 ||| SHOPLISTING scroll of identify (22 gold, have 18).
   471 | D:1      | 471 ||| UPGRADING to +0 ring mail.
   481 | D:1      | 481 ||| DROPPING +0 leather armour.
   482 | D:1      | 482 ||| UPGRADING to +4 ring of protection.
   483 | D:1      | 483 ||| READING scroll labelled OWAOZU BIYTI.
   484 | D:1      | 484 ||| READING scroll labelled UTRA BUDYRGH.
   487 | D:1      | 487 ||| READING scroll labelled DESACHO CUICA.
   488 | D:1      | 488 ||| DROPPING scroll of butterflies.
   661 | D:2      | Found Ralixev's General Store.
   671 | D:2      | 671 ||| SHOPLISTING +4 ring mail of poison resistance (364
                  | gold, have 41).
   671 | D:2      | 671 ||| BUYING potion of curing (39 gold).
   671 | D:2      | Bought a potion of curing for 39 gold pieces
   671 | D:2      | 671 ||| SHOPLISTING potion of curing (39 gold, have 2).
   685 | D:2      | Found Kebam's Magic Scroll Boutique.
   690 | D:2      | Reached XP level 3. HP: 20/20 MP: 5/5
   738 | D:2      | Found Rushreaph's Antique Weapon Emporium.
   740 | D:2      | Found Ycirrin's Book Emporium.
   743 | D:2      | Reached skill level 7 in Ranged Weapons
   830 | D:2      | Found Ypselam's Book Shop.
   866 | D:2      | 866 ||| BUYING scroll of identify (22 gold).
   866 | D:2      | Bought a scroll of identify for 22 gold pieces
   866 | D:2      | 866 ||| BUYING scroll of identify (22 gold).
   866 | D:2      | Bought a scroll of identify for 22 gold pieces
   866 | D:2      | 866 ||| SHOPLISTING scroll of teleportation (33 gold, have
                  | 3).
  1226 | D:2      | 1226 ||| UPGRADING to ring of resist corrosion.
  1227 | D:2      | 1227 ||| READING scroll labelled CALENO XYICVIVI.
  1328 | D:2      | 1328 ||| DRINKING 2 golden potions.
  1329 | D:2      | 1329 ||| READING 2 scrolls of identify.
  1329 | D:2      | 1329 ||| IDENTIFYING amethyst potion
  1330 | D:2      | 1330 ||| DROPPING potion of degeneration.
  1388 | D:3      | Noticed a scorpion
  1397 | D:3      | HP: 3/20 [poisoned by a scorpion]
  1398 | D:3      | 1398 ||| DRINKING potion of heal wounds.
  1401 | D:3      | Killed a scorpion
  1402 | D:3      | Reached skill level 8 in Ranged Weapons
  1402 | D:3      | Reached XP level 4. HP: 11/25 MP: 6/6
  1549 | D:3      | Noticed Sigmund
  1559 | D:3      | HP: 5/25 [something (5)]
  1561 | D:3      | Slain by Sigmund

Levels and vault maps discovered:
D:1:      shiori_shiawase, layout_rooms, serial_shops, shop, shop,
          serial_bayou_pond_c
D:2:      layout_basic, serial_shops, shop, nicolae_shop_tiny_glass,
          nicolae_shop_statue_plus, shop, nicolae_shop_real_fake_doors,
          chequers_serial_rivers_small_3, reono_crystal_passage
D:3:      layout_loops_ring, uniq_sigmund, uniq_ijyb

Skill      XL: |  1  2  3 |
---------------+----------+-----
Ranged Weapons | 6 8 |  8.1
Fighting       | |  1.5
Dodging        | |  2.4
Stealth        | |  1.2

Action                     |  1- 3 |  4- 6 || total
---------------------------+-------+-------++-------
   Fire: Shortbow          |    82 |    21 ||   103
    Use: Scroll            |     5 |       ||     5
         Potion            |     2 |       ||     2
 Armour: Leather armour    |     2 |       ||     2
         Ring mail         |    20 |     5 ||    25
  Dodge: Dodged            |    30 |     9 ||    39

Table legend:
 A = Non-vault XP
 B = Vault XP
 C = Vault XP percentage of total XP
 D = Non-vault monster count
 E = Vault monster count
 F = Vault count percentage of total count
                 A         B        C        D         E       F
            +---------+---------+-------+---------+---------+-------
      Total |     168 |       0 |   0.0 |      34 |       0 |   0.0
            +---------+---------+-------+---------+---------+-------
        D:1 |      25 |       0 |   0.0 |      14 |       0 |   0.0
        D:2 |      48 |       0 |   0.0 |      15 |       0 |   0.0
        D:3 |      95 |       0 |   0.0 |       5 |       0 |   0.0
            +---------+---------+-------+---------+---------+-------
